 Dungeon Crawl Stone Soup version 0.17.1-2-g5865329 (webtiles) character file.

324616 Glider the Demonic Cataclysm (level 20, -5/162 HPs)
             Began as a Demonspawn Warper on Jan 18, 2016.
             Was a High Priest of Qazlal.
             Killed from afar by an efreet (19 damage)
             ... with a fireball
             ... on level 1 of the Abyss on Jan 20, 2016.
             The game lasted 05:24:39 (46067 turns).

Glider the Demonic Cataclysm (Demonspawn Warper)   Turns: 46067, Time: 05:24:40

Health: -5/162     AC: 24    Str: 16      XL:     20   Next: 72%
Magic:  0/35       EV: 25    Int: 12 (23) God:    Qazlal [*****.]
Gold:   1664       SH: 13    Dex: 12      Spells: 7 memorised, 18 levels left

rFire  . . .     SeeInvis .     Z - +10 spear "Hiuh" {pierce, +Rage Int+3}
rCold  + + .     Rnd*Rage +     E - +7 ring mail of the Depths {rN+}
rNeg   + + .     SustAt   .     G - +1 buckler {rN+}
rPois  +         Gourm    .     (helmet restricted)
rElec  .         Spirit   +     q - +1 cloak
rCorr  .         Warding  .     R - +2 pair of gloves
rMut   .         Stasis   .     (boots unavailable)
MR     +....                    N - amulet of regeneration
Stlth  ..........               Q - ring of poison resistance
                                a - ring of Shaolin {EV+8}

@: about to teleport, protected from physical damage, recuperating (expiring),
mildly diseased, repel missiles, somewhat resistant to hostile enchantments,
extremely unstealthy
A: beak, hooves 3, horns 1, icy blue scales 2, berserk 1, cold resistance 2,
deformed body, deterioration 1, mutation resistance 1, passive freeze, slow
regeneration 1, spiny 2, magic shield, magic regeneration, freezing cloud
immunity
a: Upheaval, Elemental Force, Disaster Area, Renounce Religion, Evoke Berserk
Rage
}: 2/15 runes: barnacled, gossamer


You were on level 1 of the Abyss.
You worshipped Qazlal.
Qazlal was extremely pleased with you.
You were near starving.

You visited 7 branches of the dungeon, and saw 37 of its levels.
You visited the Abyss 1 time.

You collected 3570 gold pieces.
You spent 1906 gold pieces at shops.

Inventory:

Hand Weapons
 Z - the +10 spear "Hiuh" (weapon) {pierce, +Rage Int+3}
   (You found it on level 9 of the Dungeon)

   It inflicts extra damage upon your enemies.
   It affects your intelligence (+3).
   It lets you go berserk.
Missiles
 e - 28 steel javelins (quivered)
 p - 40 javelins of penetration
Armour
 q - a +1 cloak (worn)
 E - the +7 ring mail of the Depths (worn) {rN+}
   (You found it on level 5 of the Dungeon)

   It protects you from negative energy.
 G - a +1 buckler of positive energy (worn)
 R - a +2 pair of gloves (worn)
Jewellery
 a - the ring of Shaolin (left hand) {EV+8}
   (You found it on level 9 of the Dungeon)

   [ring of evasion]

   It affects your evasion (+8).
 A - an uncursed ring of protection from fire
 N - an amulet of regeneration (around neck)
 Q - a ring of poison resistance (right hand)
Wands
 c - a wand of hasting (4)
 f - a wand of lightning (5)
 w - a wand of cold (8)
 y - a wand of teleportation (4)
 P - a wand of fireball (7)
 W - a wand of digging (9)
Scrolls
 d - 10 scrolls of blinking
 k - 5 scrolls of fog
 m - 14 scrolls of teleportation
 s - 6 scrolls of fear
 u - 13 scrolls of remove curse
 v - 12 scrolls of magic mapping
 x - a scroll of summoning
 B - a scroll of amnesia
 D - 8 scrolls of identify
 V - 3 scrolls of recharging
 X - 2 scrolls of silence
Potions
 b - 6 potions of ambrosia
 h - 13 potions of curing
 i - a potion of magic
 l - 9 potions of lignification
 n - 9 potions of haste
 z - 3 potions of heal wounds
 C - a potion of invisibility
 K - 6 potions of flight
 L - 2 potions of resistance
 M - 5 potions of might
 T - a potion of agility
 Y - a potion of cancellation
Miscellaneous
 r - an ornate deck of wonders {Dowsing}
 t - a plain deck of changes {Fortitude, drawn: 1}
Comestibles
 o - 17 beef jerkies


   Skills:
 - Level 15.0 Fighting
   Level 0.1 Short Blades
   Level 1.9 Maces & Flails
 - Level 12.0 Polearms
 - Level 1.0 Throwing
 - Level 11.0 Armour
 - Level 15.0 Dodging
 - Level 5.0 Shields
 - Level 6.0 Spellcasting
 - Level 6.0 Charms
 - Level 4.0 Summonings
 - Level 8.0 Necromancy
 - Level 5.0 Translocations
 - Level 5.1 Air Magic
 * Level 22.8 Invocations
 - Level 9.0 Evocations


You had 18 spell levels left.
You knew the following spells:

 Your Spells              Type           Power        Failure   Level  Hunger
a - Apportation           Tloc           ###.......   3%          1    None
b - Blink                 Tloc           N/A          6%          2    ##.....
c - Shroud of Golubria    Chrm/Tloc      ###.......   4%          2    ##.....
d - Summon Butterflies    Summ           ##......     6%          1    None
e - Regeneration          Chrm/Necr      ###.......   6%          3    ###....
f - Repel Missiles        Chrm/Air       ###...       4%          2    ##.....
g - Swiftness             Chrm/Air       ###.....     4%          2    ##.....


Dungeon Overview and Level Annotations

Branches:
Dungeon (15/15)            Temple (1/1) D:4            Lair (8/8) D:10
 Shoals (4/4) Lair:3       Spider (4/4) Lair:5        Slime (0/6) Lair:6
    Orc (4/4) D:11            Elf (0/3) Orc:4        Vaults (1/5) D:13
 Depths (0/5) D:15

Altars:
Ashenzari
Cheibriados
Dithmenos
Elyvilon
Fedhas
Gozag
Kikubaaqudgha
Makhleb
Nemelex Xobeh
Okawaru
Qazlal
Ru
Sif Muna
Trog
Vehumet
Xom
Yredelemnul
Zin
The Shining One
Beogh
Jiyva

Shops:
D:9 *   D:11 !   D:15 !   Orc:3 :   Orc:4 ***!   Shoals:1 }?[

Annotations:
D:2 Terence


Innate Abilities, Weirdness & Mutations

You have hooves in place of feet.
You are mostly covered in icy blue scales (AC +3, EV -1).
Your flesh is very cold resistant.
A frigid envelope surrounds you and freezes all who hurt you.
You are mostly covered in sharp spines.
When hurt, damage is shared between your health and your magic reserves.
You regenerate magic rapidly.
You are immune to freezing clouds.
You have a beak for a mouth.
You have a pair of small horns on your head.
You tend to lose your temper in combat.
Your body sometimes deteriorates upon taking damage.
You are somewhat resistant to further mutation.
[Armour fits poorly on your strangely shaped body.]
[You regenerate slowly when monsters are visible.]


Message History

Qazlal accepts your kill. A chorus of shrieks assaults your mind.
* * * LOW HITPOINT WARNING * * *
You hear a bark!
A starcursed mass splits. x2
A deafening chorus of shrieks assaults your mind!
* * * LOW HITPOINT WARNING * * *
You suddenly lose the ability to move!
You can move again.
You hear a shout!
The starcursed mass is struck by lightning.
You destroy the starcursed mass!
Something hits you but does no damage. Something bites you but does no damage.
A starcursed mass splits.
Your magical contamination has completely faded away.
An efreet comes into view. It is wielding a scimitar of flaming.
Your skin is crawling a little less now.
The efreet gestures at you.
The fireball explodes!
The fireball engulfs you!
You die...

. . . ..#.# ## #..
... ♣≈.#. . # #.. .
≈≈≈≈##R ### .#..
≈≈≈≈≈ ##.# . ..
≈≈≈.##### ..#
≈.##.#.##..# # ' '
#.#.§§..X..## 8 .
##@##..XX....# .. .
#...§X§.X#....#.. .
#§.§§§X.##§..... ..
##.#..#.#..#....... .
#....#####...........
##...#....#..........
.#..#....##..#.. ##
#.#.#...#####...# ..
.#....... ≈♣.. . .


You could see 3 starcursed masses and an efreet.

Vanquished Creatures
  Arachne (Spider:4)
  Jorgrun (Shoals:2)
  A tentacled monstrosity (Abyss:1)
  A sphinx (Vaults:1)
  Polyphemus (Shoals:3)
  4 krakens
  7 tentacled starspawn (Abyss:1)
  Agnes (Spider:4)
  The ghost of matthes123 the Bludgeoner, an adept MiFi of Fedhas (Spider:2)
  Frances (D:14)
  Roxanne (Spider:3)
  A draconian monk (Abyss:1)
  Ilsuiw (Shoals:4)
  A vault warden (Vaults:1)
  An orc warlord (Orc:2)
  Maud (D:12)
  Louise (Spider:4)
  7 ghost moths
  7 emperor scorpions
  13 large abominations
  A very ugly thing (Abyss:1)
  5 ironheart preservers (Vaults:1)
  A deep elf demonologist (Abyss:1)
  23 starcursed masses (Abyss:1)
  2 deep elf annihilators (Vaults:1)
  4 vault guards
  Snorg (Lair:7)
  10 merfolk impalers
  11 merfolk javelineers
  A yaktaur captain (Vaults:1)
  A fire dragon (Vaults:1)
  Josephine (D:14)
  Fannar (Lair:2)
  2 ogre magi (Vaults:1)
  3 catoblepae
  Harold (Orc:1)
  18 small abominations
  Erolcha (Orc:2)
  8 hydras
  A naga warrior (Abyss:1)
  3 merfolk avatars
  An entropy weaver (Spider:1)
  5 centaur warriors
  A ghost crab (shapeshifter) (D:14)
  2 alligator snapping turtles
  5 rakshasas
  12 death yaks
  2 deep troll shamans
  6 merfolk aquamancers
  2 tengu warriors
  2 satyrs (Shoals:2)
  3 thrashing horrors (Abyss:1)
  Sonja (Lair:2)
  9 wretched stars (Abyss:1)
  A shadow wraith (Abyss:1)
  3 giant orange brains
  An ice devil (Abyss:1)
  13 sea snakes
  A deep elf knight (Vaults:1)
  3 deep trolls (Vaults:1)
  6 hill giants
  4 unseen horrors
  2 necromancers (D:13)
  3 ironbrand convokers (Vaults:1)
  22 orb spiders
  A wolf spider zombie (D:15)
  25 harpies
  A phantasmal warrior (Abyss:1)
  A deep elf conjurer (Vaults:1)
  A lindwurm (Lair:8)
  21 ugly things
  23 wolf spiders
  4 orc knights
  10 manticores
  12 griffons
  A worldbinder (Abyss:1)
  4 orc sorcerers
  A manticore (shapeshifter) (D:15)
  18 fauns
  3 hornets
  An oklob plant (D:4)
  12 water nymphs
  An eye of devastation (Abyss:1)
  20 sirens
  A moth of wrath (Spider:1)
  4 centaur zombies
  13 cyclopes
  A frost giant skeleton (Abyss:1)
  A guardian serpent (Abyss:1)
  2 sixfirhies (Abyss:1)
  An apocalypse crab (Abyss:1)
  3 gargoyles
  18 elephants
  4 vault sentinels (Vaults:1)
  9 smoke demons (Abyss:1)
  A hellion (Abyss:1)
  A black mamba (Lair:1)
  A shock serpent skeleton (Abyss:1)
  2 orange demons (Abyss:1)
  10 spiny frogs
  8 komodo dragons
  9 yaktaurs
  10 demonic crawlers
  3 ancient zymes (Abyss:1)
  A kobold demonologist (D:15)
  A blue devil (Abyss:1)
  11 trolls
  4 hellwings (Abyss:1)
  7 fire drakes
  2 deep elf priests
  A tengu conjurer (D:15)
  22 jumping spiders
  An efreet (Abyss:1)
  A polar bear (Lair:8)
  32 merfolk
  A trapdoor spider zombie (D:11)
  5 two-headed ogres
  A boulder beetle (Lair:5)
  2 wind drakes (Shoals:3)
  8 blink frogs (Lair:6)
  8 snapping turtles
  9 slime creatures
  6 raiju (Abyss:1)
  An alligator zombie (Abyss:1)
  24 redbacks
  6 deep elf magi
  5 flying skulls (Abyss:1)
  5 shadows
  21 tarantellas
  25 trapdoor spiders
  A golden eye (shapeshifter) (D:14)
  5 ynoxinuls (Abyss:1)
  22 water elementals
  47 yaks
  3 fire bats (Abyss:1)
  A hog (shapeshifter) (Abyss:1)
  6 hogs
  5 basilisks
  19 humans (D:13)
  5 vampire mosquitoes
  20 hippogriffs
  5 deep elf fighters
  7 wyverns
  A naga (Abyss:1)
  6 wraiths
  3 hungry ghosts
  9 neqoxecs (Abyss:1)
  2 spatial vortices (Abyss:1)
  3 chaos spawn (Abyss:1)
  2 mottled dragons
  32 wolves
  5 wargs
  2 phantoms
  8 porcupines
  6 ice beasts
  25 water moccasins
  4 eyes of draining
  An ice beast (shapeshifter) (D:15)
  37 spiders
  44 orc warriors
  23 ogres
  3 wasps
  4 black bears
  4 sky beasts
  4 boggarts (D:14)
  42 centaurs
  A snapping turtle skeleton (Abyss:1)
  25 giant frogs
  2 brain worms
  25 crocodiles
  4 big kobolds
  A wyvern skeleton (D:12)
  An earth elemental (Abyss:1)
  A gnoll sergeant (D:11)
  A water moccasin skeleton (D:11)
  12 scorpions
  4 killer bees (D:12)
  8 wights
  10 electric eels
  6 crimson imps
  7 hounds
  36 orc wizards
  2 centaur skeletons
  3 giant frog skeletons
  4 jellies
  A quasit (Abyss:1)
  A giant frog zombie (D:10)
  22 orc priests
  Jessica (D:2)
  8 worker ants
  25 iguanas
  22 sheep
  2 worker ant zombies
  A gnoll (D:11)
  44 river rats
  3 shadow imps
  14 adders
  6 white imps (Abyss:1)
  2 ufetubi (Abyss:1)
  4 oozes
  2 adder zombies
  An adder skeleton (D:4)
  5 worms
  27 giant geckos
  209 orcs
  2 ball pythons
  8 giant cockroaches
  11 hobgoblins
  14 jackals
  20 kobolds
  8 quokkas
  10 bats
  A giant gecko skeleton (D:4)
  8 giant newts
  8 goblins
  A quokka skeleton (D:5)
  8 rats
  2 bushes
  A crawling corpse (Vaults:1)
  75 fungi
  2 lurking horrors (Abyss:1)
  81 plants
  5 starspawn tentacles (Abyss:1)
  9 tentacles
  7 tentacle segments
1984 creatures vanquished.

Vanquished Creatures (collateral kills)
  Kirke (Spider:3)
  A spiny frog (Lair:2)
  3 slime creatures (D:12)
  A spriggan (Lair:3)
  A yak (Lair:3)
  A small abomination (Abyss:1)
  An orc (D:12)
9 creatures vanquished.

Vanquished Creatures (others)
  A ghost moth (Spider:3)
  A spatial maelstrom (Abyss:1)
  A wolf spider (Spider:4)
  An ancient zyme (Abyss:1)
  An orc warrior (Orc:4)
  A starcursed mass (Abyss:1)
  An orc wizard (Orc:4)
  A sheep (D:12)
  An orc (D:4)
  A giant gecko (Lair:5)
  A goblin (D:7)
  7 fungi (Lair:8)
  21 plants
  14 starspawn tentacles (Abyss:1)
  119 starspawn tentacle segments (Abyss:1)
  25 tentacles
  1310 tentacle segments
  15 toadstools (D:4)
1522 creatures vanquished.

Grand Total: 3515 creatures vanquished

Notes
Turn   | Place    | Note
--------------------------------------------------------------
     0 | D:1      | Glider the Demonspawn Warper began the quest for the Orb.
     0 | D:1      | Reached XP level 1. HP: 16/16 MP: 3/3
    13 | D:1      | Reached skill level 1 in Armour
    13 | D:1      | Reached skill level 3 in Translocations
   129 | D:1      | Gained mutation: When hurt, damage is shared between your health and your magic reserves. [demonic ancestry]
   129 | D:1      | Reached XP level 2. HP: 16/22 MP: 5/5
   715 | D:1      | HP: 1/22 [worm (7)]
  1108 | D:1      | Gained mutation: You are partially covered in icy blue scales (AC +1). [demonic ancestry]
  1108 | D:1      | Reached XP level 3. HP: 21/28 MP: 4/6
  2297 | D:2      | Noticed Terence
  2649 | D:2      | Reached skill level 1 in Throwing
  2756 | D:2      | Found a stormy altar of Qazlal.
  2762 | D:2      | Became a worshipper of Qazlal Stormbringer
  2786 | D:2      | Reached XP level 4. HP: 32/35 MP: 7/7
  2851 | D:2      | Found a snail-covered altar of Cheibriados.
  2898 | D:2      | Noticed Jessica
  2932 | D:2      | Killed Jessica
  2932 | D:2      | Reached skill level 4 in Translocations
  3012 | D:2      | Reached skill level 1 in Invocations
  3326 | D:2      | Gained mutation: You are partially covered in sharp spines. [demonic ancestry]
  3326 | D:2      | Reached XP level 5. HP: 39/41 MP: 8/8
  3576 | D:3      | Found an iron altar of Okawaru.
  3664 | D:3      | Reached * piety under Qazlal
  4509 | D:4      | Reached skill level 5 in Invocations
  4540 | D:4      | Gained mutation: You are mostly covered in sharp spines. [demonic ancestry]
  4540 | D:4      | Reached XP level 6. HP: 47/47 MP: 9/9
  4674 | D:4      | Noticed an ogre
  4683 | D:4      | Killed an ogre
  4683 | D:4      | Reached skill level 6 in Invocations
  4787 | D:4      | Found a blossoming altar of Fedhas.
  4798 | D:4      | Noticed an oklob plant
  4952 | D:4      | Found a glowing golden altar of the Shining One.
  5057 | D:4      | Reached skill level 7 in Invocations
  5057 | D:4      | Reached XP level 7. HP: 52/52 MP: 12/12
  5142 | D:4      | Found a staircase to the Ecumenical Temple.
  5331 | D:4      | Reached ** piety under Qazlal
  5646 | Temple   | Entered the Ecumenical Temple
  5752 | D:5      | Entered Level 5 of the Dungeon
  5904 | D:5      | Got a bloodstained ring mail
  5915 | D:5      | Identified the +7 ring mail of the Depths {rN+} (You found it on level 5 of the Dungeon)
  5997 | D:5      | Reached skill level 8 in Invocations
  5997 | D:5      | Reached XP level 8. HP: 50/60 MP: 12/14
  6212 | D:5      | Found a sparkling altar of Nemelex Xobeh.
  6253 | D:5      | Learned a level 2 spell: Blink
  6376 | D:5      | Found an opulent altar of Gozag.
  6376 | D:5      | Found an ancient bone altar of Kikubaaqudgha.
  6376 | D:5      | Found a white marble altar of Elyvilon.
  6377 | D:5      | Found a sparkling altar of Nemelex Xobeh.
  6525 | D:6      | Reached skill level 5 in Armour
  6724 | D:6      | Reached skill level 5 in Fighting
  6886 | D:6      | Found a blossoming altar of Fedhas.
  7123 | D:6      | Found a bloodstained altar of Trog.
  7270 | D:6      | Reached *** piety under Qazlal
  8162 | D:6      | Gained mutation: You have large cloven feet. [demonic ancestry]
  8162 | D:6      | Reached XP level 9. HP: 46/71 MP: 15/15
  8374 | D:6      | Gained mutation: Your flesh is heat resistant. [mutagenic meat]
  8375 | D:6      | Lost mutation: Your flesh is heat resistant. [mutagenic meat]
  8376 | D:6      | Gained mutation: Your body sometimes deteriorates upon taking damage. [mutagenic meat]
  8377 | D:6      | Gained mutation: You have a beak for a mouth. [mutagenic meat]
  8378 | D:6      | Gained mutation: Your flesh is cold resistant. [mutagenic meat]
  8432 | D:7      | Reached skill level 5 in Translocations
  8656 | D:7      | Found a bloodstained altar of Trog.
  8783 | D:7      | Found a burning altar of Makhleb.
  8970 | D:7      | Reached **** piety under Qazlal
  9284 | D:7      | Found a deep blue altar of Sif Muna.
  9526 | D:8      | Got a warped jade ring
  9527 | D:8      | Identified the ring "Jimyin" {+Fly Dex+4} (You found it on level 8 of the Dungeon)
  9641 | D:8      | Reached skill level 9 in Invocations
  9865 | D:8      | Gained mutation: You have hoof-like feet. [demonic ancestry]
  9865 | D:8      | Reached XP level 10. HP: 75/80 MP: 13/16
  9885 | D:8      | Noticed a spiny frog
  9885 | D:8      | Noticed a white ugly thing
  9895 | D:8      | Noticed a hill giant
  9960 | D:8      | Gained mutation: You are somewhat resistant to further mutation. [mutagenic meat]
  9961 | D:8      | Gained mutation: You tend to lose your temper in combat. [mutagenic meat]
 10352 | D:9      | Got a slimy spear
 10353 | D:9      | Identified the +10 spear "Hiuh" {pierce, +Rage Int+3} (You found it on level 9 of the Dungeon)
 10406 | D:9      | Reached skill level 5 in Dodging
 10447 | D:9      | Reached skill level 1 in Polearms
 10609 | D:9      | Reached ***** piety under Qazlal
 10613 | D:9      | Found Plog's General Store.
 10621 | D:9      | Bought a potion of flight for 39 gold pieces
 10621 | D:9      | Bought a potion of degeneration for 13 gold pieces
 10621 | D:9      | Bought a wand of polymorph (3) for 65 gold pieces
 10621 | D:9      | Bought a scroll of identify for 26 gold pieces
 10816 | D:9      | Found a shadowy altar of Dithmenos.
 10848 | D:10     | Entered Level 10 of the Dungeon
 10989 | D:10     | Reached skill level 10 in Invocations
 10989 | D:10     | Reached skill level 1 in Evocations
 11067 | D:10     | Found a staircase to the Lair.
 11094 | Lair:1   | Entered Level 1 of the Lair of Beasts
 11126 | Lair:1   | Learned a level 2 spell: Shroud of Golubria
 11142 | Lair:1   | Noticed a black mamba
 11149 | Lair:1   | Killed a black mamba
 11162 | Lair:1   | Reached skill level 5 in Polearms
 11165 | Lair:1   | Gained mutation: Your flesh is very cold resistant. [demonic ancestry]
 11165 | Lair:1   | Reached XP level 11. HP: 62/86 MP: 15/18
 11339 | Lair:1   | Reached skill level 5 in Evocations
 11553 | Lair:1   | Gained mutation: You have a pair of small horns on your head. [potion of mutation]
 12980 | D:10     | Noticed a hill giant
 12988 | D:10     | Killed a hill giant
 13410 | D:11     | Noticed a lindwurm
 13412 | D:11     | Noticed a lindwurm
 13413 | D:11     | Noticed a lindwurm
 13414 | D:11     | Noticed a lindwurm
 13609 | D:11     | Found a staircase to the Orcish Mines.
 13649 | D:11     | Reached skill level 1 in Shields
 13941 | D:11     | Found Ymabbiur's Distillery.
 14114 | D:11     | Reached XP level 12. HP: 70/92 MP: 14/19
 14352 | D:12     | Reached skill level 10 in Polearms
 14880 | D:12     | Noticed Maud
 14938 | D:12     | Killed Maud
 14938 | D:12     | Reached skill level 11 in Polearms
 16041 | D:12     | Learned a level 1 spell: Summon Butterflies
 16104 | D:12     | Reached skill level 12 in Polearms
 16718 | Lair:2   | Noticed Fannar
 16727 | Lair:2   | Killed Fannar
 16727 | Lair:2   | Reached skill level 1 in Charms
 16727 | Lair:2   | Reached skill level 1 in Summonings
 17308 | Lair:2   | Noticed Sonja
 17322 | Lair:2   | Killed Sonja
 17357 | Lair:2   | Reached skill level 5 in Shields
 17700 | Lair:3   | Gained mutation: You have hooves in place of feet. [demonic ancestry]
 17700 | Lair:3   | Reached XP level 13. HP: 98/98 MP: 20/20
 17859 | Lair:3   | Learned a level 3 spell: Regeneration
 18029 | Lair:3   | Reached skill level 1 in Necromancy
 18155 | Lair:3   | Found a staircase to the Shoals.
 19767 | Lair:5   | Reached ****** piety under Qazlal
 19815 | Lair:5   | Reached skill level 5 in Charms
 20185 | Lair:4   | Reached skill level 5 in Necromancy
 20317 | D:11     | Bought a potion of experience for 700 gold pieces
 20317 | D:11     | Gained mutation: You regenerate magic rapidly. [demonic ancestry]
 20317 | D:11     | Reached XP level 14. HP: 105/105 MP: 20/22
 21109 | D:4      | Killed an oklob plant
 21577 | Lair:5   | Found a hole to the Spider Nest.
 22553 | Lair:6   | Found a viscous altar of Jiyva.
 22553 | Lair:6   | Found a staircase to the Slime Pits.
 23160 | Lair:7   | Noticed Snorg
 23169 | Lair:7   | Killed Snorg
 23772 | Lair:8   | Entered Level 8 of the Lair of Beasts
 24068 | Lair:8   | Gained mutation: You are immune to freezing clouds. [demonic ancestry]
 24068 | Lair:8   | Reached XP level 15. HP: 110/113 MP: 22/24
 24267 | Lair:8   | Reached skill level 13 in Invocations
 24706 | Lair:8   | Reached skill level 10 in Armour
 25100 | Lair:8   | Reached skill level 14 in Invocations
 25132 | Lair:8   | Identified Wisotu's Catalogue of Flamy Damage Dealing (You found it on level 8 of the Lair of Beasts)
 25135 | Lair:8   | Got a scorched rapier
 25136 | Lair:8   | Identified the cursed +3 rapier "Qephem" {pierce, *Confuse +Inv Int+6} (You found it on level 8 of the Lair of Beasts)
 25464 | Orc:1    | Entered Level 1 of the Orcish Mines
 25731 | Orc:2    | Noticed Erolcha
 25737 | Orc:2    | Killed Erolcha
 26320 | Orc:1    | Noticed Harold
 26334 | Orc:1    | Killed Harold
 26753 | Orc:3    | Found a roughly hewn altar of Beogh.
 26954 | Orc:3    | Found Kanoyni's Book Emporium.
 27050 | Orc:4    | Entered Level 4 of the Orcish Mines
 27308 | Orc:4    | Paralysed by an orc sorcerer for 6 turns
 27342 | Orc:4    | Found a shimmering altar of Xom.
 27584 | Orc:4    | Found a staircase to the Elven Halls.
 27631 | Orc:4    | Found Ivaypp's Assorted Antiques.
 27631 | Orc:4    | Found Viph's General Store.
 27633 | Orc:4    | Found Rumom's General Store.
 27635 | Orc:4    | Found Cubiupt's Distillery.
 27783 | Orc:4    | Bought a lumpy steel amulet for 125 gold pieces
 27797 | Orc:4    | Bought a gold wand for 100 gold pieces
 27798 | Orc:4    | Bought a diamond ring for 125 gold pieces
 28969 | D:13     | Gained mutation: You are mostly covered in icy blue scales (AC +3, EV -1). [demonic ancestry]
 28969 | D:13     | Reached XP level 16. HP: 120/120 MP: 24/27
 28988 | D:13     | Reached skill level 10 in Dodging
 29046 | D:13     | Found a gate to the Vaults.
 29238 | D:14     | Noticed Frances
 29316 | D:14     | Killed Frances
 29316 | D:14     | Reached skill level 15 in Invocations
 29627 | D:14     | Noticed Josephine
 29645 | D:14     | Killed Josephine
 30250 | D:15     | Entered Level 15 of the Dungeon
 30437 | D:15     | Got a silken robe
 30458 | D:15     | Identified the +1 robe "Jolodet" {+Inv rC+ MP+9} (You found it on level 15 of the Dungeon)
 30482 | D:15     | Reached skill level 10 in Fighting
 30571 | D:15     | Found Ranos's Distillery.
 30696 | D:15     | Found a staircase to the Depths.
 31650 | Shoals:1 | Entered Level 1 of the Shoals
 31783 | Shoals:1 | Found Reqyuq's Gadget Emporium.
 31833 | Shoals:1 | Reached skill level 16 in Invocations
 32066 | Shoals:1 | Found Mouloeru's Magic Scroll Emporium.
 32139 | Shoals:1 | Found Liebb's Antique Armour Emporium.
 32536 | Shoals:1 | You fall through a shaft!
 33045 | Shoals:2 | Reached skill level 17 in Invocations
 33045 | Shoals:2 | Reached XP level 17. HP: 79/131 MP: 13/29
 33183 | Shoals:2 | Noticed Jorgrun
 33239 | Shoals:2 | Killed Jorgrun
 34036 | Shoals:3 | Reached skill level 5 in Spellcasting
 34165 | Shoals:3 | Reached skill level 18 in Invocations
 34389 | Shoals:3 | Noticed Polyphemus
 34421 | Shoals:3 | Killed Polyphemus
 34958 | Shoals:4 | Entered Level 4 of the Shoals
 35018 | Shoals:4 | Reached skill level 19 in Invocations
 35461 | Shoals:4 | Reached skill level 20 in Invocations
 35480 | Shoals:4 | Noticed Ilsuiw
 35579 | Shoals:4 | Killed Ilsuiw
 35836 | Shoals:4 | Reached XP level 18. HP: 115/140 MP: 28/32
 36705 | Shoals:4 | Learned a level 2 spell: Repel Missiles
 36798 | Shoals:4 | Reached skill level 1 in Air Magic
 36982 | Shoals:4 | Got a pitted bone amulet
 36984 | Shoals:4 | Identified the amulet of Ewyps {Inacc Stlth+} (You found it on level 4 of the Shoals)
 37025 | Shoals:4 | Got a barnacled rune of Zot
 37211 | Shoals:1 | Bought an opalescent robe for 199 gold pieces
 37224 | Shoals:1 | Identified the +0 robe of Leapfrog {*Drain rPois Dex+4} (You bought it in a shop on level 1 of the Shoals)
 37224 | Shoals:1 | Bought a fine ring mail for 315 gold pieces
 37224 | Shoals:1 | Bought a fine robe for 199 gold pieces
 37224 | Shoals:1 | Identified the +2 ring mail of Boredom {Str+4} (You bought it in a shop on level 1 of the Shoals)
 37240 | Shoals:1 | Identified the +0 robe "Weud Ysm" {Int+4} (You bought it in a shop on level 1 of the Shoals)
 37505 | Spider:1 | Entered Level 1 of the Spider Nest
 37990 | Spider:1 | Got a translucent ring mail
 38001 | Spider:1 | Identified the cursed +0 ring mail of the Prince {rElec Str-4 Dex+2 Slay+6} (You found it on level 1 of the Spider Nest)
 38960 | Spider:2 | Noticed matthes123's ghost (adept MiFi)
 39176 | Spider:2 | Killed matthes123's ghost
 39240 | Spider:2 | Reached skill level 15 in Fighting
 39347 | Spider:2 | Got a faintly glowing shortbow
 39390 | Spider:2 | Learned a level 2 spell: Swiftness
 40534 | Spider:3 | Noticed Kirke
 40854 | Spider:3 | Noticed Roxanne
 40865 | Spider:3 | Killed Kirke
 40916 | Spider:3 | Killed Roxanne
 40918 | Spider:3 | Identified Roxanne's Tome of Earth (You took it off Roxanne on level 3 of the Spider Nest)
 41210 | Spider:4 | Entered Level 4 of the Spider Nest
 41223 | Spider:4 | Noticed Arachne
 41239 | Spider:4 | Killed Arachne
 41239 | Spider:4 | Gained mutation: A frigid envelope surrounds you and freezes all who hurt you. [demonic ancestry]
 41239 | Spider:4 | Reached XP level 19. HP: 155/155 MP: 19/33
 41537 | Spider:4 | Noticed Agnes
 41554 | Spider:4 | Killed Agnes
 41643 | Spider:4 | Noticed Louise
 41682 | Spider:4 | Killed Louise
 42449 | Spider:4 | Identified the +2 shortbow "Ucusaof" {speed, rN+++ MR+ Int-5 Dex+3} (You found it on level 2 of the Spider Nest)
 42623 | Spider:4 | Got a gossamer rune of Zot
 43083 | Vaults:1 | Entered Level 1 of the Vaults
 43475 | Vaults:1 | Reached skill level 5 in Air Magic
 43746 | Vaults:1 | Reached skill level 15 in Dodging
 44240 | Vaults:1 | Found an ancient bone altar of Kikubaaqudgha.
 44286 | Vaults:1 | Reached XP level 20. HP: 142/162 MP: 30/34
 44406 | Vaults:1 | Cast into the Abyss (an ogre mage)
 44406 | Abyss:1  | Found a corrupted altar of Lugonu.
 45009 | Abyss:1  | Reached skill level 21 in Invocations
 45542 | Abyss:1  | Paralysed by accursed screaming for 1 turns
 45578 | Abyss:1  | Paralysed by accursed screaming for 1 turns
 45604 | Abyss:1  | Reached skill level 22 in Invocations
 46053 | Abyss:1  | Paralysed by accursed screaming for 1 turns
 46064 | Abyss:1  | Paralysed by accursed screaming for 1 turns
 46067 | Abyss:1  | Killed from afar by an efreet

Action                   |  1- 3 |  4- 6 |  7- 9 | 10-12 | 13-15 | 16-18 | 19-21 || total
-------------------------+-------+-------+-------+-------+-------+-------+-------++-------
Melee: Mace              |     7 |       |       |       |       |       |       ||     7
       Spear             |   293 |     7 |       |   704 |  1810 |  2708 |  1742 ||  7264
       Dagger            |       |   187 |   363 |    19 |       |       |       ||   569
       Flail             |       |       |       |     7 |       |       |       ||     7
Throw: Tomahawk          |     3 |       |       |       |       |       |       ||     3
 Cast: Blink             |       |       |       |     3 |       |     3 |     2 ||     8
       Regeneration      |       |       |       |       |     9 |    69 |    32 ||   110
       Shroud of Golubri |       |       |       |       |     1 |       |       ||     1
       Repel Missiles    |       |       |       |       |       |     1 |       ||     1
Invok: Elemental Force   |       |       |       |     3 |       |     2 |     1 ||     6
       Upheaval          |       |       |       |     2 |       |    20 |    13 ||    35
       Disaster Area     |       |       |       |       |       |     3 |       ||     3
 Abil: Evoke Flight      |       |       |       |       |       |    25 |       ||    25
Evoke: Wand              |       |       |       |       |       |     1 |     1 ||     2
       Deck              |       |       |       |       |       |     1 |       ||     1
  Use: Scroll            |       |     1 |     8 |    14 |     9 |    12 |     6 ||    50
       Potion            |       |       |       |     4 |     4 |     2 |       ||    10
 Stab: Sleeping          |     2 |       |       |       |       |       |       ||     2
       Distracted        |       |       |       |       |       |       |     3 ||     3
       Petrifying        |       |       |       |       |       |       |     1 ||     1
  Eat: Chunk             |     6 |     8 |    21 |    34 |    40 |    54 |    15 ||   178
       Meat ration       |       |       |       |       |     2 |     3 |     1 ||     6
       Pizza             |       |       |       |       |     1 |     1 |     1 ||     3
       Bread ration      |       |       |       |       |       |       |     2 ||     2
